 Dungeon Crawl Stone Soup version 0.32-a0-427-g448f42529f (webtiles) character file.

Game seed: 9262331895679820055

1157 Gargoyl the Chopper (level 8, 0/51 HPs)
             Began as a Gargoyle Berserker on Feb 22, 2024.
             Was a Believer of Trog.
             Slain by an orc warrior
             ... wielding a +0 trident
              (4 damage)
             ... in a bailey.
             The game lasted 00:05:01 (3333 turns).

Gargoyl the Chopper (Gargoyle Berserker)            Turns: 3333, Time: 00:05:03

Health: 0/51       AC: 12    Str: 20    XL:     8   Next: 39%
Magic:  8/8        EV: 11    Int:  9    God:    Trog [**....]
Gold:   56         SH:  9    Dex: 11    Spells: 7/7 levels left

rFire   . . .        a - +2 hand axe (vamp)
rCold   . . .        q - +0 buckler
rNeg    + + .        o - +0 ring mail
rPois   ∞            (no helmet)
rElec   +            (no cloak)
rCorr   .            (no gloves)
SInv    +            r - +0 pair of boots
Will    .....        b - amulet of reflection
Stlth   +            d - ring of positive energy
HPRegen 0.28/turn    n - ring of see invisible
MPRegen 0.11/turn

%: reflection
@: about to teleport, on berserk cooldown, slowed, very slow
A: sickness immunity, AC +5, negative energy resistance 1, electricity
resistance, torment resistance 1, petrification resistance
a: Renounce Religion, Berserk, Trog's Hand


You were in a bailey.
You worshipped Trog.
Trog was pleased with you.
You visited 1 branch of the dungeon, and saw 7 of its levels.
You also visited: Bailey.

You collected 146 gold pieces.
You spent 90 gold pieces at shops.

Inventory:

Hand Weapons
 a - a +2 vampiric hand axe (weapon)
 g - a +0 flail of holy wrath
 l - a +0 scythe of protection
Missiles
 j - 13 poisoned darts
 p - a curare-tipped dart (quivered)
Armour
 o - a +0 ring mail (worn)
 q - a +0 buckler (worn)
 r - a +0 pair of boots (worn)
Jewellery
 b - an amulet of reflection (around neck)
 d - a ring of positive energy (left hand)
 n - a ring of see invisible (right hand)
Wands
 m - a wand of flame (24)
Potions
 e - 2 potions of enlightenment
 f - 2 potions of invisibility
 i - 2 potions of curing {unknown}
 k - 2 potions of mutation {unknown}
 s - a potion of lignification {unknown}


   Skills:
 + Level 5.6 Fighting
 + Level 6.7 Axes
 + Level 3.3 Armour
 + Level 3.6 Dodging
 + Level 2.4 Stealth
 + Level 1.8 Shields


You had 7 spell levels left.
You didn't know any spells.
Your spell library was empty.

Dungeon Overview and Level Annotations

Branches:
Dungeon (7/15)             Temple (0/1) D:5          Bailey (1/1)

Altars:
Fedhas
Makhleb
Nemelex Xobeh
Okawaru

Shops:
D:7 [?[


Innate Abilities, Weirdness & Mutations

You are immune to sickness and miasma.
Your stone body is resilient. (AC +5)
You are immune to poison.
You resist negative energy. (rN+)
You are resistant to electric shocks. (rElec)
You are resistant to unholy torment.
You are immune to petrification.


Message History

The orc warrior is heavily wounded.
The orc warrior hits you but does no damage.
The orc warrior barely misses you. x2; You block the orc warrior's attack.
Your skin crawls.
You feel strong-willed. The orc warrior barely misses you.
You block the orc warrior's attack.
You closely miss the orc warrior.
The orc warrior is heavily wounded.
The orc warrior hits you from afar with a +0 spear!
The orc warrior misses you. You block the orc warrior's attack.
The orc warrior barely misses you.
You closely miss the orc warrior.
The orc warrior is heavily wounded.
The orc warrior hits you from afar with a +0 spear.
You block the orc warrior's attack.
You barely miss the orc warrior.
The orc warrior is heavily wounded.
You feel the effects of Trog's Hand fading.
You block the orc warrior's attack.
The orc warrior hits you with a +0 trident.
The orc warrior hits you but does no damage. x2
You closely miss the orc warrior.
The orc warrior is heavily wounded.
The orc warrior hits you from afar with a +0 spear.
The orc warrior hits you with a +0 trident.
You barely miss the orc warrior.
The orc warrior is heavily wounded.
The orc warrior hits you from afar with a +0 spear.
You block the orc warrior's attack.
The orc warrior hits you from afar with a +0 spear.
The orc warrior hits you with a +0 trident!
* * * LOW HITPOINT WARNING * * *
Okay, then.
As you read the scroll of teleportation, it crumbles to dust.
You feel strangely unstable.
Your skin stops crawling.
You feel less strong-willed.
The orc warrior hits you from afar with a +0 spear.
* * * LOW HITPOINT WARNING * * *
The orc warrior hits you with a +0 trident.
You die...

###################
##≈≈≈≈≈≈≈≈≈≈≈≈≈≈≈≈≈##
##............o......##
#$.......)......@)....#
####'##########⌠.o.....#
#≈............#####....#
#≈...≈≈≈≈≈≈≈≈≈....##...#
#≈..≈≈.......≈≈≈.⌠.# ..#
≈≈.)..≈≈≈≈≈≈≈..≈≈..# .#
≈...≈≈≈.....≈≈≈.≈≈.# #
⌠..≈≈..≈≈≈≈≈..≈≈.≈.##
..≈≈.≈≈≈...≈≈≈.≈.≈≈.#


You could see 2 orc warriors.

Vanquished Creatures
  Grinder (D:3)
  Sigmund (D:3)
  2 orc warriors (Bailey)
  An ogre (D:4)
  A centaur (Bailey)
  A kobold brigand (D:7)
  An orc priest (D:3)
  Terence (D:3)
  2 orc wizards (D:3)
  7 gnolls
  7 adders
  2 dart slugs
  2 ribbon worms (D:2)
  15 orcs
  7 ball pythons
  3 bats (D:1)
  4 endoplasms
  A giant cockroach (D:3)
  3 goblins
  5 hobgoblins
  A quokka (D:2)
  2 frilled lizards
  5 kobolds
  4 rats
79 creatures vanquished.

Vanquished Creatures (others)
  A goblin (D:1)
1 creature vanquished.

Grand Total: 80 creatures vanquished

Notes
Turn   | Place    | Note
-------+----------+-------------------------------------------
     0 | D:1      | Gargoyl the Gargoyle Berserker began the quest for the Orb.
     0 | D:1      | Reached XP level 1. HP: 14/14 MP: 1/1
   352 | D:1      | Reached skill level 3 in Axes
   352 | D:1      | Reached XP level 2. HP: 19/19 MP: 2/2
   828 | D:2      | Reached XP level 3. HP: 24/24 MP: 3/3
   885 | D:2      | Reached XP level 4. HP: 29/29 MP: 4/4
   948 | D:2      | Reached skill level 4 in Axes
   948 | D:2      | Reached skill level 1 in Stealth
  1019 | D:2      | Reached XP level 5. HP: 33/33 MP: 5/5
  1519 | D:3      | Noticed Grinder
  1528 | D:3      | Paralysed by Grinder for 3 turns
  1540 | D:3      | Paralysed by Grinder for 3 turns
  1756 | D:3      | Found an iron altar of Okawaru.
  1756 | D:3      | Found a burning altar of Makhleb.
  1787 | D:3      | Reached ** piety under Trog
  1789 | D:3      | Reached XP level 6. HP: 39/39 MP: 6/6
  1853 | D:3      | Noticed Sigmund
  1865 | D:3      | Killed Sigmund
  1866 | D:3      | Reached skill level 5 in Fighting
  1866 | D:3      | Reached skill level 5 in Axes
  1866 | D:3      | Reached XP level 7. HP: 44/44 MP: 7/7
  1959 | D:3      | Found a sparkling altar of Nemelex Xobeh.
  1962 | D:3      | Noticed Terence
  1977 | D:3      | Killed Terence
  2061 | D:3      | Found a blossoming altar of Fedhas.
  2195 | D:3      | Killed Grinder
  2196 | D:3      | Reached skill level 6 in Axes
  2878 | D:5      | Entered Level 5 of the Dungeon
  2887 | D:5      | You fall into a shaft and drop 2 floors!
  2887 | D:7      | Found Mejedd's Armour Shoppe.
  2887 | D:7      | Found Tiuden's Magic Scroll Shoppe.
  2891 | D:7      | Found Lusuggal's Antique Armour Shoppe.
  2898 | D:7      | Bought a scroll of enchant weapon for 90 gold pieces
  2906 | D:7      | Found a flagged portal.
  2922 | D:7      | Reached XP level 8. HP: 50/50 MP: 8/8
  2969 | Bailey   | Entered a bailey
  3016 | Bailey   | Reached skill level 1 in Shields
  3333 | Bailey   | Slain by an orc warrior

Illustrated notes

Levels and vault maps discovered:
D:1:      saegor_arrival_simple_a, layout_basic
D:2:      layout_loops_ring
D:3:      layout_basic, nemelex_altar_shiori, nicolae_overflow_squiral,
          mainiacjoe_overflow_brackets, uniq_terence, uniq_sigmund, uniq_grinder
D:4:      layout_rooms, interstate_on_off
D:5:      layout_layer_cave, mainiacjoe_overflow_small_starburst, slow_altar_1,
          minmay_temple_entry_purple_smoke, serial_bayou, serial_bayou_shore_b,
          serial_bayou_shore_b, serial_bayou_lagoon_a, serial_bayou_lagoon_b,
          chequers_serial_rivers_small_a, uniq_crazy_yiuf_cottage
D:6:      layout_basic, gammafunk_ghost_necromancy, uniq_duvessa
D:7:      layout_basic, nicolae_uskayaw_en_pointe, enter_bailey_2, serial_glass,
          glass_columns_a, glass_columns_b, glass_columns_c, glass_columns_c,
          glass_columns_a, glass_columns_a, glass_columns_b, glass_columns_a,
          glass_columns_c, glass_columns_a, nicolae_shop_distant_corner_stores,
          kennysheep_generic_room_7
Bailey:   bailey_polearm_flooded_kennysheep, bailey

Skill      XL: |  1  2  3  4  5  6  7  8 |
---------------+-------------------------+-----
Axes           | 3 4 5 6 |  6.7
Fighting       | 4 5 |  5.6
Stealth        | 1 2 |  2.4
Dodging        | 2 3 |  3.6
Shields        | 1 |  1.8
Armour         | 3 |  3.3

Action                     |  1- 3 |  4- 6 |  7- 9 || total
---------------------------+-------+-------+-------++-------
  Melee: Hand axe          |    45 |   103 |   137 ||   285
 Invoke: Berserk           |     1 |     4 |     6 ||    11
         Trog's Hand       |       |       |     3 ||     3
    Use: Scroll            |     3 |     4 |     7 ||    14
         Potion            |       |       |     2 ||     2
   Stab: Sleeping          |     1 |     1 |       ||     2
 Armour: Animal skin       |    32 |    54 |     4 ||    90
         Ring mail         |       |       |   155 ||   155
  Dodge: Dodged            |    34 |    65 |   119 ||   218
  Block: Buckler           |       |       |    84 ||    84
         Other             |       |       |     3 ||     3

Table legend: (Time is in decaauts)
 A = Elapsed time spent in this place.
 B = Non-inter-level travel time spent in this place.
 C = Inter-level travel time spent in this place.
 D = Time resting spent in this place.
 E = Time spent auto-exploring this place.
 F = Levels seen in this place.
 G = Mean time per level.
                   A        B        C        D        E       F      G
               +--------+--------+--------+--------+--------+-----+--------+
         Total |   3421 |   3312 |    109 |    344 |   2077 |   8 |  427.6 |
       Dungeon |   3048 |   2939 |    109 |    121 |   2054 |   7 |  435.4 |
        Bailey |    372 |    372 |      0 |    223 |     23 |   1 |  372.0 |
               +--------+--------+--------+--------+--------+-----+--------+

Top non-repeatable levels by time:
     D:3: 864 daAuts
     D:1: 830 daAuts
     D:2: 686 daAuts
     D:4: 571 daAuts
  Bailey: 372 daAuts
     D:7: 85 daAuts
     D:5: 8 daAuts
     D:6: 1 daAuts
